 Dungeon Crawl Stone Soup version 0.16.1-16-gc44b35d (webtiles) character file.

26415 Chiseanne the Imperceptible (level 12, 0/53 HPs)
             Began as a Spriggan Assassin on Apr 21, 2015.
             Was an Initiate of Gozag.
             Slain by an orc sorcerer
             ... wielding a +0 dagger
              (2 damage)
             ... while paralysed by an orc sorcerer
             ... on level 4 of the Orcish Mines.
             The game lasted 01:23:58 (20080 turns).

Chiseanne the Imperceptible (Spriggan Assassin)    Turns: 20080, Time: 01:23:58

Health: 0/53       AC:  8    Str: 13    XL:     12   Next: 98%
Magic:  21/21      EV:  4    Int: 13    God:    Gozag
Gold:   3597       SH:  0    Dex: 24    Spells: 0 memorised, 11 levels left

rFire  . . .     SeeInvis +     a - +5 dagger of Charity {venom, Str+6 Dex-2 Stlth+}
rCold  . . .     Clarity  .     c - +1 robe
rNeg   . . .     SustAb   .     L - +1 buckler
rPois  .         Gourm    .     Q - +0 hat
rElec  .         Spirit   .     r - +2 cloak
rCorr  .         Warding  .     (gloves unavailable)
rMut   .         Stasis   .     (boots unavailable)
MR     ++...                    X - amulet of faith
Stlth  ++++++++++               l - +3 ring of slaying
                                V - +4 ring of dexterity

@: paralysed, very quick, very resistant to hostile enchantments, uncannily
stealthy
A: unfitting armour, yellow scales 1, see invisible, herbivore 3, speed 3, slow
metabolism 2
a: Potion Petition, Call Merchant, Bribe Branch, Renounce Religion


You were on level 4 of the Orcish Mines.
You worshipped Gozag.
Gozag was noncommittal.
You were not hungry.

You visited 4 branches of the dungeon, and saw 17 of its levels.

You collected 5246 gold pieces.
You spent 352 gold pieces at shops.
You paid 1297 gold pieces to Gozag.

Inventory:

Hand weapons
 a - the +5 dagger of Charity (weapon) {venom, Str+6 Dex-2 Stlth+}
   (You bought it in a shop on level 11 of the Dungeon)

   It poisons the flesh of those it strikes.
   It affects your strength (+6).
   It affects your dexterity (-2).
   It makes you more stealthy.
 e - a +6 hunting sling of flaming
 s - a +3 rapier of venom
 w - a +5 blowgun of evasion
Missiles
 i - 6 curare-tipped needles
 k - 4 throwing nets (quivered)
 p - 132 bolts
 u - 34 sling bullets
 v - 156 arrows
 C - 12 tomahawks of returning
 D - 38 poisoned needles
 H - 11 poisoned sling bullets
 P - 63 tomahawks
 S - 10 arrows of flame
 U - 13 bolts of frost
Armour
 c - a +1 robe (worn)
 r - a +2 cloak (worn)
 L - a +1 buckler (worn)
 Q - a +0 hat (worn)
Rods
 y - a +6 rod of shadows (14/14)
   (You found it on level 1 of the Lair of Beasts)
Jewellery
 l - a +3 ring of slaying (right hand)
 o - an uncursed ring of positive energy
 x - a +5 ring of intelligence
 N - an uncursed ring of sustain abilities
 T - an uncursed amulet of clarity
 V - a +4 ring of dexterity (left hand)
 X - an amulet of faith (around neck)
 Z - an uncursed ring of teleport control
Magical devices
 R - a wand of fire (6)
Scrolls
 m - 5 scrolls of amnesia
 n - 4 scrolls of teleportation
 E - 3 scrolls of fog
Potions
 b - 5 potions of agility
 d - a potion of restore abilities
 f - a potion of brilliance
 j - 4 potions of curing
 q - 2 potions of mutation
 t - a potion of magic
 z - a potion of flight
 A - a potion of might
 B - a potion of lignification
 F - a potion of berserk rage
 G - 3 potions of heal wounds
 J - a potion of haste
Books
 h - a book of the Tempests

   Spells                             Type                      Level
   a - Static Discharge               Conjuration/Air              3
   b - Lightning Bolt                 Conjuration/Air              5
   c - Fireball                       Conjuration/Fire             5
   d - Tornado                        Air                          9
   e - Shatter                        Earth                        9
Comestibles
 g - 11 bread rations


   Skills:
 - Level 1.5 Fighting
 - Level 2.1 Short Blades
 - Level 2.1 Throwing
 - Level 13.2 Dodging
 * Level 26.4 Stealth


You had 11 spell levels left.
You didn't know any spells.

Dungeon Overview and Level Annotations

Branches:
Dungeon (11/15)            Temple (1/1) D:4            Lair (1/8) D:10
    Orc (4/4) D:11            Elf (0/3) Orc:3

Altars:
Ashenzari
Cheibriados
Dithmenos
Elyvilon
Fedhas
Gozag
Kikubaaqudgha
Makhleb
Nemelex Xobeh
Okawaru
Qazlal
Ru
Sif Muna
Trog
Vehumet
Xom
Yredelemnul
Zin
The Shining One
Beogh

Shops:
D:11 (   D:12 [

Portals:
Trove: D:10 (give 4 scrolls of blinking)

Annotations:
D:8 1 runed door


Innate Abilities, Weirdness & Mutations

You are tiny and cannot use many weapons and most armour.
You have supernaturally acute eyesight.
You are a herbivore.
You cover ground extremely quickly.
You need consume almost no food.
You are partially covered in yellow scales (AC +2).


Message History

The orc warrior barely misses you.
The orc sorcerer mumbles some strange words.
You hit the orc sorcerer.
The orc sorcerer is moderately wounded.
You block the orc warrior's attack. The orc sorcerer completely misses you.
You hit the orc sorcerer.
The orc sorcerer is moderately wounded.
The orc sorcerer gestures at you while chanting.
You suddenly lose the ability to move!
The hellwing hits you! The hellwing hits you.
The orc warrior hits you from afar with a glaive!
* * * LOW HITPOINT WARNING * * *
The orc sorcerer hits you with a dagger.
* * * LOW HITPOINT WARNING * * *
The hellwing hits you but does no damage. x2
The orc warrior hits you from afar with a glaive.
* * * LOW HITPOINT WARNING * * *
The orc sorcerer hits you with a dagger.
You die...
Your body crumbles into a pile of gold.

###)#####.##..).......#...
##......#.#####............
#...........#.#.....[.....[
###......#)..)...........[..
##.........#....[..........).
##....#.[[...[.....).....)....
#............o.#..............
##.#.[[.......)[.[............
####....[...@.)...[[[[...[...
#...[....4o..[.............
##.[[..........[....#..)...
#..[##[[#).[.[[....).......
#...#...[#.[.[.....[...[[..
#......(.#..)##.#..#.......
##......[.(.###.#......#...
##.[....[[..#........#....
###[.[.......###.##...##...$


You could see a hellwing, an orc sorcerer and an orc warrior.

Vanquished Creatures
  An orc warlord (Orc:4)
  Gastronok (Orc:1)
  5 orc high priests
  2 skeletal warriors (D:8)
  A hill giant (D:10)
  4 orc knights
  The ghost of Chiseanne the Unseen, an experienced SpAs of Dithmenos (D:8)
  3 orc sorcerers (Orc:4)
  2 centaur skeletons (D:10)
  A gargoyle (D:11)
  2 trolls
  Sonja (Orc:4)
  A two-headed ogre (D:9)
  A deep elf mage (D:10)
  A hippogriff (D:10)
  A wolf (D:9)
  A mottled dragon (D:11)
  14 yaks
  4 wargs (Orc:3)
  A soldier ant (D:10)
  3 sky beasts
  10 ogres
  35 orc warriors
  A black bear (D:10)
  2 ice beasts
  A phantom (D:8)
  A boggart (D:9)
  3 necrophages
  2 centaurs
  4 giant frogs
  A crocodile (D:10)
  2 big kobolds
  A water moccasin zombie (D:10)
  A wyvern zombie (D:10)
  A gnoll sergeant (D:5)
  A water moccasin skeleton (D:9)
  6 scorpions
  A wyvern skeleton (D:10)
  2 killer bees (D:10)
  12 wights
  2 crimson imps
  29 orc priests
  3 quasits
  3 giant frog zombies
  2 goliath beetles (D:9)
  A centaur zombie (D:9)
  2 giant frog skeletons
  6 hounds
  Crazy Yiuf (D:2)
  42 orc wizards
  15 worker ants
  Natasha (thrice) (D:3)
  2 iguanas
  A killer bee zombie (D:11)
  A hound skeleton (D:9)
  Terence (D:3)
  A mummy (D:11)
  2 worker ant zombies (D:8)
  13 adders
  9 gnolls
  6 river rats (Lair:1)
  2 shadow imps
  2 white imps (D:9)
  A worm (D:3)
  2 adder skeletons
  5 giant geckos
  185 orcs
  3 ball pythons
  12 bats
  A bat skeleton (D:6)
  5 giant cockroaches
  26 goblins
  27 hobgoblins
  19 jackals
  A giant gecko skeleton (D:7)
  A giant newt (D:1)
  2 giant spores
  29 kobolds
  4 quokkas
  A quokka zombie (D:8)
  18 rats
  3 ballistomycetes
632 creatures vanquished.

Vanquished Creatures (collateral kills)
  A hydra (D:11)
  A cyclops (D:11)
  A troll (D:10)
  2 killer bees (D:10)
  An orc (D:11)
6 creatures vanquished.

Vanquished Creatures (others)
  A centaur (D:10)
  A goliath beetle (D:10)
  2 orc wizards (D:10)
  A hound (D:10)
  2 adders
  3 orcs (D:10)
  A bat (D:10)
  2 kobolds
13 creatures vanquished.

Grand Total: 651 creatures vanquished

Notes
Turn   | Place    | Note
--------------------------------------------------------------
     0 | D:1      | Chiseanne, the Spriggan Assassin, began the quest for the Orb.
     0 | D:1      | Reached XP level 1. HP: 10/10 MP: 2/2
    55 | D:1      | Reached skill level 6 in Stealth
   136 | D:1      | Reached XP level 2. HP: 12/14 MP: 4/4
   391 | D:1      | Reached skill level 7 in Stealth
  1026 | D:2      | Reached XP level 3. HP: 18/18 MP: 6/6
  1196 | D:2      | Reached skill level 8 in Stealth
  1537 | D:2      | Noticed Crazy Yiuf
  1543 | D:2      | Killed Crazy Yiuf
  1543 | D:2      | Reached XP level 4. HP: 22/22 MP: 8/8
  1762 | D:3      | Reached skill level 9 in Stealth
  1791 | D:3      | Noticed Natasha
  1838 | D:3      | Killed Natasha
  1890 | D:3      | Noticed Natasha
  1911 | D:3      | Killed Natasha
  1936 | D:3      | Reached XP level 5. HP: 23/25 MP: 10/10
  2157 | D:3      | Noticed Natasha
  2165 | D:3      | Killed Natasha
  2279 | D:3      | Noticed Terence
  2282 | D:3      | Killed Terence
  2282 | D:3      | Reached skill level 10 in Stealth
  2483 | D:4      | Noticed an ogre
  2513 | D:4      | Killed an ogre
  2513 | D:4      | Reached skill level 11 in Stealth
  2513 | D:4      | Reached XP level 6. HP: 28/30 MP: 12/12
  2814 | D:4      | Found a staircase to the Ecumenical Temple.
  2905 | Temple   | Entered the Ecumenical Temple
  3003 | Temple   | Became a worshipper of Gozag Ym Sagoz the Greedy
  3506 | D:4      | Reached skill level 12 in Stealth
  3786 | D:5      | Entered Level 5 of the Dungeon
  3855 | D:5      | Reached XP level 7. HP: 33/33 MP: 14/14
  4055 | D:5      | Reached skill level 13 in Stealth
  4340 | D:5      | Reached skill level 14 in Stealth
  4691 | D:5      | Reached XP level 8. HP: 13/37 MP: 16/16
  5055 | D:6      | Found a sacrificial altar of Ru.
  5091 | D:6      | Reached skill level 15 in Stealth
  5608 | D:6      | Reached skill level 16 in Stealth
  6251 | D:7      | Gained mutation: You are partially covered in yellow scales (AC +2). [potion of beneficial mutation]
  6541 | D:8      | Reached skill level 17 in Stealth
  6572 | D:8      | Found a runed door.
  6572 | D:8      | Found a glowing golden altar of the Shining One.
  6572 | D:8      | Noticed an angel
  6613 | D:8      | Reached XP level 9. HP: 36/41 MP: 18/18
  6842 | D:8      | Noticed Chiseanne's ghost (experienced SpAs)
  6976 | D:8      | Reached skill level 18 in Stealth
  7258 | D:8      | Killed Chiseanne's ghost
  7343 | D:8      | Noticed a skeletal warrior
  7353 | D:8      | Noticed a skeletal warrior
  7354 | D:8      | Noticed a skeletal warrior
  7354 | D:8      | Noticed a skeletal warrior
  7355 | D:8      | Killed a skeletal warrior
  7355 | D:8      | Reached skill level 19 in Stealth
  7357 | D:8      | Killed a skeletal warrior
  7357 | D:8      | Reached skill level 20 in Stealth
  7357 | D:8      | Reached XP level 10. HP: 46/46 MP: 19/19
  8057 | D:9      | Reached skill level 21 in Stealth
  8379 | D:9      | Reached skill level 22 in Stealth
  9427 | D:10     | Entered Level 10 of the Dungeon
  9740 | D:10     | Found a portal to a secret trove of treasure.
  9839 | D:10     | Reached skill level 23 in Stealth
 10183 | D:10     | Reached XP level 11. HP: 49/49 MP: 20/20
 10189 | D:10     | Found a staircase to the Lair.
 10222 | Lair:1   | Entered Level 1 of the Lair of Beasts
 10293 | D:10     | Identified a +0 rod of shadows (9/9) (You found it on level 1 of the Lair of Beasts)
 10306 | D:10     | Noticed a hill giant
 10317 | D:10     | Killed a hill giant
 11518 | D:11     | Found Mudit's Antique Weapon Shoppe.
 11543 | D:11     | Bought a polished dagger for 224 gold pieces
 11544 | D:11     | Identified the +5 dagger of Charity {venom, Str+6 Dex-2 Stlth+} (You bought it in a shop on level 11 of the Dungeon)
 11560 | D:11     | Bought a glowing rapier for 128 gold pieces
 11696 | D:11     | Found a staircase to the Orcish Mines.
 11829 | D:11     | Reached skill level 24 in Stealth
 11833 | D:11     | Reached skill level 5 in Dodging
 11913 | D:11     | Noticed a four-headed hydra
 11935 | D:11     | Killed a four-headed hydra
 12963 | Orc:1    | Entered Level 1 of the Orcish Mines
 12963 | Orc:1    | Noticed Gastronok
 13007 | Orc:1    | Killed Gastronok
 15556 | Orc:3    | Noticed an orc high priest
 15558 | Orc:3    | Found a roughly hewn altar of Beogh.
 15714 | Orc:3    | Reached XP level 12. HP: 53/53 MP: 21/21
 15943 | Orc:3    | Killed an orc high priest
 15943 | Orc:3    | Reached skill level 10 in Dodging
 16249 | Orc:3    | Found a staircase to the Elven Halls.
 16721 | Orc:4    | Entered Level 4 of the Orcish Mines
 16877 | Orc:4    | Reached skill level 25 in Stealth
 16904 | Orc:4    | Found a roughly hewn altar of Beogh.
 16975 | Orc:4    | Noticed Sonja
 16992 | Orc:4    | Killed Sonja
 17927 | Orc:4    | Paralysed by an orc sorcerer for 5 turns
 18975 | Orc:4    | Noticed an orc warlord
 19193 | Orc:4    | Killed an orc warlord
 19286 | Orc:4    | Reached skill level 26 in Stealth
 20078 | Orc:4    | Paralysed by an orc sorcerer for 5 turns
 20080 | Orc:4    | HP: 2/53 [orc warrior/glaive (3)]
 20080 | Orc:4    | Slain by an orc sorcerer

Action                   |  1- 3 |  4- 6 |  7- 9 | 10-12 || total
-------------------------+-------+-------+-------+-------++-------
Melee: Dagger            |   132 |    75 |   154 |   433 ||   794
       Quarterstaff      |       |     8 |    72 |    64 ||   144
 Fire: Blowgun           |    11 |    59 |    27 |   243 ||   340
       Hunting sling     |       |     6 |    50 |   609 ||   665
Throw: Throwing net      |       |     8 |     6 |     1 ||    15
Invok: Call Merchant     |       |       |       |     2 ||     2
Evoke: Wand              |       |       |       |    10 ||    10
       Rod               |       |       |       |    11 ||    11
  Use: Scroll            |     8 |     5 |    11 |    23 ||    47
       Potion            |       |       |     2 |     2 ||     4
 Stab: Sleeping          |    13 |    17 |    34 |    40 ||   104
       Held in net/web   |       |     2 |       |       ||     2
       Distracted        |       |       |     7 |    16 ||    23
  Eat: Fruit             |       |     3 |       |    11 ||    14
       Pizza             |       |       |       |     2 ||     2
       Bread ration      |       |       |       |     1 ||     1
